 Dungeon Crawl Stone Soup version 0.24.0-13-gcf9b319 (webtiles) character file.

Game seed: 2317160840848718106, levelgen mode: deterministic

53824 Firecrotchwizard the Grappler (level 14, -1/128 (129) HPs)
             Began as a Ghoul Fighter on Feb 1, 2020.
             Was the Champion of Okawaru.
             Slain by a shadow (22 damage)
             ... on level 13 of the Dungeon.
             The game lasted 00:41:57 (19307 turns).

Firecrotchwizard the Grappler (Ghoul Fighter)      Turns: 19307, Time: 00:41:58

HP:   -1/128 (129)  AC: 29    Str: 25    XL:     14   Next: 70%
MP:   19/19         EV: 10    Int:  9    God:    Okawaru [******]
Gold: 530           SH: 17    Dex:  8    Spells: 13/13 levels left

rFire    . . .     SeeInvis .     - Unarmed
rCold    + . .     Gourm    .   S - +0 shield {AC+3}
rNeg     + + +     Faith    .   P - +0 plate armour
rPois    ∞         Spirit   .   U - +2 hat
rElec    .         Reflect  +   (no cloak)
rCorr    .         Harm     .   j - +2 pair of gloves
MR       +....                  l - +2 pair of boots
Stlth    ..........             E - +3 amulet of reflection
HPRegen  0.00/turn              q - +3 ring of intelligence
MPRegen  0.16/turn              J - +3 ring of strength

@: heroism, rotting
A: rotting body, claws 1, carnivore, cold resistance 1, negative energy
resistance 3, inhibited regeneration, torment resistance, unbreathing
a: Heroism, Finesse, Renounce Religion


You were on level 13 of the Dungeon.
You worshipped Okawaru.
Okawaru was exalted by your worship.
You were not hungry.

You visited 3 branches of the dungeon, and saw 20 of its levels.
You also visited: Ossuary.

You collected 1218 gold pieces.
You spent 688 gold pieces at shops.

Inventory:

Hand Weapons
 f - the +1 fustibalus of Execution {flame, rElec}
   (Okawaru gifted it to you on level 6 of the Lair of Beasts)

   It causes projectiles fired from it to burn those they strike, causing extra
   injury to most foes and up to half again as much damage against particularly
   susceptible opponents.
   It insulates you from electricity.
 Y - a +5 hand crossbow of velocity
   (Okawaru gifted it to you on level 4 of the Lair of Beasts)
Missiles
 o - 3 throwing nets {=f, !d}
 I - 10 curare-tipped darts
Armour
 j - a +2 pair of gloves (worn)
   (You found it on level 13 of the Dungeon)
 l - a +2 pair of boots (worn)
   (You found it on level 2 of the Dungeon)
 P - a +0 plate armour (worn)
   (You took it off an orc warrior on level 8 of the Dungeon)
 R - the +4 chain mail of Dramatic Exits {rElec MR- Regen+ Dex+7}
   (You found it on level 6 of the Lair of Beasts)

   It affects your dexterity (+7).
   It insulates you from electricity.
   It affects your resistance to hostile enchantments.
   It increases your rate of regeneration.
 S - a +0 shield of protection (worn)
   (You bought it in a shop on level 11 of the Dungeon)
 U - a +2 hat (worn)
   (Okawaru gifted it to you on level 1 of the Lair of Beasts)
Jewellery
 i - an uncursed amulet of faith {Faith, !P}
   (You found it on level 1 of the Dungeon)
 p - an uncursed ring of resist corrosion
   (You took it off a goblin on level 3 of the Dungeon)
 q - a +3 ring of intelligence (left hand)
   (You took it off a goblin on level 3 of the Dungeon)
 E - a +3 amulet of reflection (around neck)
   (You found it on level 5 of the Dungeon)
 J - a +3 ring of strength (right hand)
   (You found it on level 7 of the Dungeon)
 K - an uncursed ring of protection from magic {MR+, !d}
   (You found it on level 6 of the Dungeon)
 X - an uncursed ring of ice {rC+, rF-}
   (You found it on level 6 of the Lair of Beasts)
 Z - an uncursed ring of fire {rF+, rC-}
   (You found it on level 5 of the Lair of Beasts)
Wands
 b - a wand of enslavement (4)
   (You took it off a centaur on level 12 of the Dungeon)
 D - a wand of iceblast (13)
   (You found it on level 5 of the Dungeon)
 G - a wand of disintegration (41)
   (You found it on level 6 of the Dungeon)
 H - a wand of acid (8)
   (You found it on level 7 of the Dungeon)
 M - a wand of digging (21)
   (You found it on level 7 of the Dungeon)
Scrolls
 e - 8 scrolls of teleportation
 k - a scroll of enchant armour
 n - 8 scrolls of remove curse
 u - 5 scrolls of immolation {!r}
 w - 6 scrolls of fear
 y - a scroll of random uselessness
 A - 3 scrolls of fog
 L - 2 scrolls of amnesia
 O - 6 scrolls of blinking {!r}
 Q - a scroll of magic mapping {!r}
 T - a scroll of enchant weapon
 V - 2 scrolls of vulnerability {!r!r}
Potions
 c - 2 potions of might
 g - a potion of brilliance {unknown}
 h - 2 potions of ambrosia {unknown}
 m - 4 potions of flight
 r - 4 potions of magic
 s - 4 potions of agility
 t - a potion of berserk rage {unknown}
 v - 7 potions of curing
 x - 3 potions of resistance
 z - 2 potions of haste {unknown}
 B - 2 potions of invisibility {unknown}
Miscellaneous
 F - a phial of floods
   (You found it on level 6 of the Lair of Beasts)
 W - a sack of spiders
Comestibles
 d - 35 rations


   Skills:
 + Level 13.6(18.6) Fighting
 + Level 11.2(16.2) Armour
 + Level 11.2(16.2) Shields
 * Level 13.8(18.8) Unarmed Combat
 - Level 8.0 Invocations


You had 13 spell levels left.
You didn't know any spells.
Your spell library contained the following spells:

 Spells                   Type           Power        Failure   Level  Hunger
 Animate Skeleton         Necr           N/A          95%         1    ##.....
 Apportation              Tloc           #.....       95%         1    ##.....
 Confusing Touch          Hex            #.....       95%         1    ##.....
 Flame Tongue             Conj/Fire      #....        95%         1    ##.....
 Pain                     Necr           #...         95%         1    ##.....
 Summon Small Mammal      Summ           #...         95%         1    ##.....
 Throw Flame              Conj/Fire      #.....       99%         2    ###....
 Conjure Flame            Conj/Fire      #.......     100%        3    ####...
 Inner Flame              Hex/Fire       #.......     100%        3    ####...
 Regeneration             Chrm/Necr      #.........   100%        3    ####...
 Vampiric Draining        Necr           #.........   100%        3    ####...
 Animate Dead             Necr           N/A          100%        4    #####..
 Sticky Flame             Conj/Fire      #.......     100%        4    #####..
 Fireball                 Conj/Fire      #.........   100%        5    ######.


Dungeon Overview and Level Annotations

Branches:
Dungeon (13/15)            Temple (1/1) D:5            Lair (6/6) D:8
 Shoals (0/4) Lair:3        Snake (0/4) Lair:4        Slime (0/5) Lair:5
    Orc (0/2) D:9         Ossuary (visited)
 Vaults: D:13-14

Altars:
Cheibriados
Dithmenos
Fedhas
Hepliaklqana
Nemelex Xobeh
Okawaru
Qazlal
Sif Muna
Uskayaw
Vehumet
Xom
Yredelemnul
The Shining One
Beogh

Shops:
D:5 ?   D:6 =   D:11 [

Annotations:
D:12 3 runed translucent doors, flyingllamaman's ghost, journeyman FoFi


Innate Abilities, Weirdness & Mutations

Your body is rotting away.
You thrive on raw meat.
You are immune to poison.
You have sharp fingernails.
You are carnivorous and can eat meat at any time.
Your flesh is cold resistant. (rC+)
You are immune to negative energy. (rN+++)
You do not regenerate when monsters are visible.
You are immune to unholy pain and torment.
You can survive without breathing.


Message History

You block the five-headed hydra's attack.
You block the shadow's attack.
You pummel the five-headed hydra!!
The hippogriff bites you but does no damage.
You block the hippogriff's attack. The hippogriff barely misses you.
You hit the five-headed hydra.
You block the five-headed hydra's attack.
The five-headed hydra closely misses you.
The five-headed hydra bites you but does no damage.
The five-headed hydra barely misses you.
You block the five-headed hydra's attack.
You block the shadow's attack.
The ogre hits you with a cursed +0 giant club!
The hippogriff barely misses you. The hippogriff closely misses you.
The hippogriff claws you but does no damage.
You take 17 damage, and have 48/128 hp.
You punch the five-headed hydra!
You kill the five-headed hydra!
Okawaru accepts your kill. You block the shadow's attack.
You pummel the ogre!! The ogre hits you but does no damage.
The hippogriff bites you.
The hippogriff pecks you but does no damage.
You block the hippogriff's attack.
You take 2 damage, and have 46/128 hp.
You pummel the ogre!!
You kill the ogre!
Okawaru accepts your kill. You block the shadow's attack. The shadow hits you.
The hippogriff bites you but does no damage.
You block the hippogriff's attack.
The hippogriff claws you but does no damage.
MP restored: 19 You see here a cursed +0 giant club.
The shadow slips into darkness.
The shadow flickers and vanishes!
The shadow strikes at you from the darkness!
* * * LOW HITPOINT WARNING * * *
Reactivating autopickup.
You see here a cursed +0 giant club.
You take 9 damage, and have 37/128 hp.
The cyclops throws a large rock.
The large rock hits you.
* * * LOW HITPOINT WARNING * * *
The hippogriff closely misses you. You block the hippogriff's attack. x2
You see here a large rock.
You take 6 damage, and have 31/128 hp.
You pummel the hippogriff!! You block the shadow's attack.
You punch the hippogriff!
The sky beast flickers out of sight!
Deactivating autopickup; reactivate with Ctrl-A.
You block the hippogriff's attack. The hippogriff closely misses you.
The hippogriff claws you but does no damage.
You punch the hippogriff!
You kill the hippogriff!
Okawaru accepts your kill. The shadow barely misses you.
You pummel the shadow!!
The shadow slips into darkness.
The shadow flickers and vanishes!
The shadow slips into darkness.
The shadow flickers and vanishes!
You barely miss something.
You squash something like an ant!!!
Okawaru accepts your kill.
Reactivating autopickup.
You feel a bit more experienced.
The shadow strikes at you from the darkness!
You pummel the komodo dragon!! The komodo dragon bites you!
* * * LOW HITPOINT WARNING * * *
You block the shadow's attack.
You take 10 damage, and have 21/128 hp.
You pummel the komodo dragon!!
You kill the komodo dragon!
Okawaru accepts your kill.
Your plate armour prevents you from hitting the hound.
You block the hound's attack. The shadow hits you.
You closely miss the hound. The hound bites you but does no damage.
You block the shadow's attack.
A centaur warrior zombie comes into view.
You hit the hound but do no damage. The hound bites you but does no damage.
You closely miss the hound. The hound bites you but does no damage.
The shadow hits you.
You pummel the hound!! You block the hound's attack.
You block the shadow's attack.
You barely miss the hound. You block the hound's attack.
You pummel the hound!!
You kill the hound!
Okawaru accepts your kill. You block the shadow's attack.
You squash the centaur warrior zombie like an ant!!!
A sky beast appears from thin air!
The centaur warrior zombie hits you but does no damage.
You squash the centaur warrior zombie like an ant!!!
The shadow slips into darkness.
The shadow flickers and vanishes!
Deactivating autopickup; reactivate with Ctrl-A.
You punch the centaur warrior zombie!
You destroy the centaur warrior zombie!
Okawaru accepts your kill.
The shadow strikes at you from the darkness!
You die...

#...#
#..[..))/.......#
#..(#
#.#.####..###.#.#
#...#
#.#...........#.#
#...#
###'#.##.#...##.#.#
[)))#
#..........#.##.#.#
#)###
#.......<..#.##.#.#
#)#
#.......#..#..#.#.#
#)#
#..[..+.#########.#
#.# #.....##.#@#.#
#.# #..)..###†#{#.#
#(#
#.....##.#.#C#.#
#(#
#.....###.#W#Y#$#
#(# #.....##$#
#.#.## #.# ######
## #l#.# #.# #h##
#.# #.# #.# ##


You could see a cyclops and a sky beast.

Vanquished Creatures
  Kirke (Lair:5)
  Nessos (Lair:4)
  5 dire elephants (Lair:6)
  Snorg (Lair:5)
  8 hydras
  A centaur warrior (D:13)
  A catoblepas (Lair:5)
  An anaconda (Lair:6)
  3 two-headed ogres
  A death knight (D:13)
  7 death yaks
  2 tengu warriors (D:13)
  The ghost of BigBluFrog the Covert, a novice OpAK of Lugonu (D:9)
  Pikel (D:5)
  4 ugly things
  A cyclops (D:11)
  4 elephants (Lair:6)
  A centaur zombie (D:13)
  A black mamba (Lair:2)
  A gargoyle (D:12)
  12 spiny frogs
  2 rime drakes
  2 freezing wraiths (D:13)
  2 komodo dragons
  4 trolls
  A tengu conjurer (D:13)
  A queen bee (D:8)
  7 blink frogs (Lair:4)
  5 hippogriffs
  A wyvern (D:12)
  2 wraiths (D:13)
  34 yaks
  A hog (Lair:5)
  2 shadows (D:13)
  5 basilisks
  2 hungry ghosts
  3 vampire mosquitoes (D:13)
  Menkaure (D:7)
  Duvessa (D:5)
  9 water moccasins
  4 porcupines
  3 ice beasts
  2 sky beasts
  A black bear (D:7)
  4 orc warriors
  A phantom (D:4)
  A necrophage (D:13)
  3 wolves (Lair:1)
  6 ogres
  17 centaurs
  8 crocodiles
  10 bullfrogs
  2 gnoll sergeants
  A wyvern zombie (D:13)
  Dowan (D:5)
  3 scorpions
  19 killer bees
  5 howler monkeys (D:8)
  9 wights
  2 vampire bats (D:8)
  An electric eel (Lair:4)
  2 crimson imps
  2 bullfrog zombies
  2 quasits (D:8)
  13 jellies
  3 centaur skeletons
  3 orc priests
  4 hounds
  9 orc wizards
  5 bullfrog skeletons
  2 iguanas
  3 worker ants
  2 big kobold zombies (Ossuary)
  A hound zombie (D:8)
  4 mummies (Ossuary)
  A howler monkey zombie (D:9)
  2 worker ant zombies
  2 howler monkey skeletons
  11 gnolls
  14 adders
  A shadow imp (D:12)
  2 oozes
  2 adder skeletons
  3 worms (D:2)
  2 dart slugs
  7 leopard geckos
  34 orcs
  19 bats
  3 giant cockroaches
  3 gnoll zombies (Ossuary)
  7 goblins
  7 hobgoblins
  2 jackals (D:5)
  7 kobolds
  6 quokkas
  5 frilled lizards
  A goblin zombie (Ossuary)
  2 kobold zombies (Ossuary)
  3 leopard gecko skeletons
  A quokka skeleton (D:6)
  5 rats
  A spectral orc (D:3)
  A plant (Lair:6)
455 creatures vanquished.

Vanquished Creatures (others)
  An unseen horror (D:12)
  2 humans (Lair:5)
  A centaur (D:12)
  3 jellies (Lair:5)
  A bullfrog zombie (D:5)
  Ijyb (D:5)
  An orc wizard (D:5)
  A worker ant (D:5)
  An ooze (Lair:5)
  An adder skeleton (D:5)
  A leopard gecko (D:5)
  5 orcs (D:5)
  A quokka (D:5)
  6 plants (Lair:6)
26 creatures vanquished.

Grand Total: 481 creatures vanquished

Notes
Turn   | Place    | Note
-------+----------+-------------------------------------------
     0 | D:1      | Firecrotchwizard the Ghoul Fighter began the quest for the
                  | Orb.
     0 | D:1      | Reached XP level 1. HP: 19/19 MP: 0/0
   428 | D:1      | Reached XP level 2. HP: 26/26 MP: 1/1
   766 | D:2      | Reached skill level 3 in Unarmed Combat
   783 | D:2      | Reached XP level 3. HP: 11/32 MP: 2/2
  1312 | D:2      | Found a shimmering altar of Xom.
  1567 | D:2      | Reached skill level 4 in Fighting
  1582 | D:2      | Reached skill level 4 in Unarmed Combat
  1582 | D:2      | Reached XP level 4. HP: 33/40 MP: 3/3
  1989 | D:2      | Found a glowing golden altar of the Shining One.
  2233 | D:3      | Found a basalt altar of Yredelemnul.
  2332 | D:3      | Reached XP level 5. HP: 47/47 MP: 4/4
  2505 | D:4      | Reached skill level 5 in Unarmed Combat
  2667 | D:4      | Noticed a phantom
  2704 | D:4      | Killed a phantom
  2704 | D:4      | Reached skill level 5 in Fighting
  2704 | D:4      | Reached XP level 6. HP: 29/56 MP: 5/5
  2841 | D:4      | Reached skill level 6 in Unarmed Combat
  3114 | D:4      | Found a sand-covered staircase.
  3121 | Ossuary  | Entered an ossuary
  3148 | Ossuary  | Reached XP level 7. HP: 47/61 MP: 6/6
  3408 | Ossuary  | Reached skill level 7 in Unarmed Combat
  3888 | D:5      | Entered Level 5 of the Dungeon
  3912 | D:5      | Found Ecwix's Magic Scroll Shop.
  3955 | D:5      | Found a staircase to the Ecumenical Temple.
  3966 | D:5      | Noticed Pikel
  3969 | Temple   | Entered the Ecumenical Temple
  3973 | Temple   | Became a worshipper of Warmaster Okawaru
  5270 | D:5      | Killed Pikel
  5270 | D:5      | Reached skill level 6 in Fighting
  5270 | D:5      | Reached skill level 8 in Unarmed Combat
  5270 | D:5      | Reached skill level 2 in Invocations
  5270 | D:5      | Reached XP level 8. HP: 34/65 MP: 6/8
  5301 | D:5      | Noticed Dowan
  5309 | D:5      | Noticed Duvessa
  5324 | D:5      | HP: 16/70 [Duvessa/cursed +0 rapier (3)]
  5326 | D:5      | Killed Duvessa
  5326 | D:5      | Reached * piety under Okawaru
  5335 | D:5      | Killed Dowan
  5335 | D:5      | Reached skill level 3 in Invocations
  5356 | D:5      | Killed Ijyb
  5681 | D:5      | Found a shadowy altar of Dithmenos.
  5866 | D:5      | Found a shimmering blue altar of Sif Muna.
  5899 | D:5      | Reached skill level 9 in Unarmed Combat
  5996 | D:5      | Found an iron altar of Okawaru.
  6007 | D:5      | Reached skill level 7 in Fighting
  6150 | D:5      | Found the +7 captain's cutlass {speed, disarm}
  6626 | D:6      | Found Risouh's Jewellery Boutique.
  6644 | D:6      | Reached XP level 9. HP: 43/79 MP: 7/10
  6658 | D:6      | Reached skill level 10 in Unarmed Combat
  6962 | D:7      | Noticed Menkaure
  6963 | D:7      | Reached ** piety under Okawaru
  6963 | D:7      | Reached skill level 8 in Fighting
  7000 | D:6      | Reached skill level 11 in Unarmed Combat
  7029 | D:7      | Killed Menkaure
  7144 | D:7      | Found a radiant altar of Vehumet.
  7144 | D:7      | Found a hazy altar of Hepliaklqana.
  7214 | D:7      | Found a hide-covered altar of Uskayaw.
  7489 | D:8      | Found a staircase to the Lair.
  7508 | D:8      | Noticed a queen bee
  7529 | D:8      | Killed a queen bee
  7529 | D:8      | Reached *** piety under Okawaru
  7529 | D:8      | Reached skill level 9 in Fighting
  7529 | D:8      | Reached XP level 10. HP: 53/91 MP: 8/11
  7538 | D:8      | Reached skill level 12 in Unarmed Combat
  7819 | D:8      | Reached skill level 3 in Shields
  7828 | D:8      | Reached skill level 3 in Armour
  7922 | D:8      | Reached **** piety under Okawaru
  7922 | D:8      | Reached skill level 10 in Fighting
  8548 | D:9      | Found a runed translucent gate.
  8548 | D:9      | Found a runed translucent gate.
  8551 | D:9      | Found a runed translucent gate.
  8552 | D:9      | Noticed BigBluFrog's ghost (novice OpAK)
  8746 | D:9      | Reached skill level 4 in Armour
  8746 | D:9      | Reached skill level 4 in Shields
  8867 | D:9      | Found a blossoming altar of Fedhas.
  9142 | D:9      | Reached XP level 11. HP: 89/101 MP: 12/12
  9294 | D:9      | Found a staircase to the Orcish Mines.
  9411 | D:9      | Killed BigBluFrog's ghost
  9411 | D:9      | Reached skill level 5 in Armour
  9411 | D:9      | Reached skill level 5 in Shields
  9460 | D:10     | Entered Level 10 of the Dungeon
  9735 | D:10     | Found Plog's Island Escapes.
  9949 | D:10     | Reached skill level 11 in Fighting
 10139 | D:10     | Bought a scroll of teleportation for 45 gold pieces
 10139 | D:10     | Bought a scroll of teleportation for 45 gold pieces
 10139 | D:10     | Bought a potion of flight for 45 gold pieces
 10139 | D:10     | Bought a scroll of teleportation for 45 gold pieces
 10139 | D:10     | Bought a scroll of blinking for 112 gold pieces
 10139 | D:10     | Bought a scroll of blinking for 112 gold pieces
 10139 | D:10     | Bought a scroll of blinking for 112 gold pieces
 10200 | D:8      | Noticed a two-headed ogre
 10206 | D:8      | Killed a two-headed ogre
 10206 | D:8      | Reached ***** piety under Okawaru
 10227 | Lair:1   | Entered Level 1 of the Lair of Beasts
 10234 | Lair:1   | You fall into a shaft and drop 1 floor!
 10414 | Lair:1   | Received a gift from Okawaru
 10414 | Lair:1   | Reached skill level 6 in Shields
 10492 | Lair:1   | Reached skill level 6 in Armour
 10601 | Lair:1   | Got a bloodstained ring mail
 10602 | Lair:1   | Identified the cursed +1 ring mail of Bedevilment {rF+ MR+
                  | Slay+6} (You found it on level 1 of the Lair of Beasts)
 11342 | Lair:2   | Got a ripped robe
 11355 | Lair:2   | Reached skill level 7 in Shields
 11355 | Lair:2   | Reached XP level 12. HP: 105/111 MP: 13/13
 11475 | Lair:2   | Reached skill level 7 in Armour
 11491 | Lair:2   | Reached skill level 4 in Invocations
 11491 | Lair:2   | Noticed a five-headed hydra
 11501 | Lair:2   | Killed a five-headed hydra
 11549 | Lair:2   | Found a shimmering altar of Xom.
 11956 | Lair:3   | Found a staircase to the Shoals.
 12473 | Lair:3   | Reached skill level 5 in Invocations
 12523 | Lair:3   | Noticed a six-headed hydra
 12534 | Lair:3   | Killed a six-headed hydra
 12923 | Lair:4   | Noticed a death yak
 12923 | Lair:4   | Noticed a death yak
 12924 | Lair:4   | Noticed a death yak
 12932 | Lair:4   | Killed a death yak
 12941 | Lair:4   | Killed a death yak
 12941 | Lair:4   | Reached ****** piety under Okawaru
 12941 | Lair:4   | Received a gift from Okawaru
 12941 | Lair:4   | Reached skill level 8 in Shields
 12951 | Lair:4   | Killed a death yak
 12951 | Lair:4   | Reached skill level 8 in Armour
 12951 | Lair:4   | Reached skill level 6 in Invocations
 12966 | Lair:4   | You fall into a shaft and drop 2 floors!
 12966 | Lair:6   | Entered Level 6 of the Lair of Beasts
 13051 | Lair:5   | Noticed Snorg
 13067 | Lair:5   | Killed Snorg
 13078 | Lair:5   | Noticed Kirke
 13097 | Lair:5   | Killed Kirke
 13403 | Lair:5   | Noticed a catoblepas
 13419 | Lair:5   | Killed a catoblepas
 13419 | Lair:5   | Reached skill level 7 in Invocations
 13637 | Lair:5   | Found a staircase to the Slime Pits.
 13652 | Lair:5   | Received a gift from Okawaru
 13665 | Lair:5   | Got an ivory triple sword {god gift}
 13838 | Lair:4   | Reached XP level 13. HP: 107/115 MP: 17/17
 13844 | Lair:4   | Reached skill level 9 in Shields
 13885 | Lair:4   | Noticed Nessos
 13892 | Lair:4   | Killed Nessos
 13892 | Lair:4   | Reached skill level 9 in Armour
 14039 | Lair:4   | Reached skill level 8 in Invocations
 14102 | Lair:4   | Found a staircase to the Snake Pit.
 14607 | Lair:4   | Reached skill level 12 in Fighting
 15258 | Lair:6   | Identified a scroll of acquirement
 15393 | Lair:6   | Reached skill level 10 in Shields
 15418 | Lair:5   | Received a gift from Okawaru
 15418 | Lair:5   | Reached skill level 10 in Armour
 15436 | Lair:5   | Got a scorched quarterstaff {god gift}
 15911 | Lair:6   | Noticed a dire elephant
 15911 | Lair:6   | Noticed a dire elephant
 15926 | Lair:6   | Killed a dire elephant
 15936 | Lair:6   | Killed a dire elephant
 15953 | Lair:6   | Got a jewelled chain mail
 15954 | Lair:6   | Identified the +4 chain mail of Dramatic Exits {rElec MR-
                  | Regen+ Dex+7} (You found it on level 6 of the Lair of
                  | Beasts)
 15962 | Lair:6   | Got a fine leather armour
 16003 | Lair:6   | Noticed a dire elephant
 16005 | Lair:6   | Noticed a dire elephant
 16017 | Lair:6   | Killed a dire elephant
 16023 | Lair:6   | Killed a dire elephant
 16056 | Lair:6   | Noticed a dire elephant
 16071 | Lair:6   | Killed a dire elephant
 16431 | Lair:6   | Reached XP level 14. HP: 109/127 MP: 19/19
 16442 | Lair:6   | Reached skill level 13 in Fighting
 16454 | Lair:6   | Received a gift from Okawaru
 16459 | Lair:6   | Got an iridescent fustibalus {god gift}
 16472 | Lair:6   | Identified the +1 fustibalus of Execution {flame, rElec}
                  | (Okawaru gifted it to you on level 6 of the Lair of Beasts)
 17096 | D:11     | Found a shimmering altar of Xom.
 17131 | D:11     | Found Uluomot's Armour Shoppe.
 17134 | D:11     | Bought a +0 shield of protection for 172 gold pieces
 17400 | D:12     | HP: 31/129 [red ugly thing (20)]
 17409 | D:12     | Found a runed translucent gate.
 17409 | D:12     | HP: 32/129 [something (1)]
 17410 | D:12     | Found a runed translucent gate.
 17411 | D:12     | Noticed flyingllamaman's ghost (journeyman FoFi)
 17777 | D:12     | Reached skill level 13 in Unarmed Combat
 17806 | D:12     | Identified the +3 chain mail of Custru Ohut {Stlth+}
 17822 | D:12     | Found a runed translucent gate.
 17857 | D:12     | Identified the +11 flail of Fuathr Gaol {freeze, Dex+4}
 18225 | D:12     | Found a roughly hewn altar of Beogh.
 18382 | D:13     | Found a hazy altar of Hepliaklqana.
 18590 | D:13     | Reached skill level 11 in Shields
 18618 | D:13     | Reached skill level 11 in Armour
 18740 | D:13     | Received a gift from Okawaru
 18773 | D:13     | Got an ivory scimitar {god gift}
 19289 | D:13     | HP: 31/128 [cyclops/large rock (6)]
 19296 | D:13     | HP: 21/128 [komodo dragon (10)]
 19307 | D:13     | Slain by a shadow

Levels and vault maps discovered:
D:1:      psy_arrival_fountain, layout_basic
D:2:      layout_loops_corners, marbit_many_paths, tso_altar
D:3:      layout_rooms, yredelemnul_forgotten_temple_becter, first_ration
D:4:      minmay_skewed_foursquare, layout_cave_pods,
          chequers_ossuary_entry_cave
D:5:      kennysheep_six_static_rooms, layout_cave_pools,
          nicolae_overflow_crystal_walls, kennysheep_mini_moat,
          minmay_temple_entry_large_hall, basic_altar, serial_shops, shop,
          uniq_pikel, uniq_duvessa, uniq_ijyb
D:6:      layout_cave_pods, serial_shops, shop
D:7:      layout_rooms, eat_drink_and_be_merry_uskayaw,
          gammafunk_temple_overflow_wave, uniq_menkaure
D:8:      layout_loops_cross, lair_entry_dummy, david_nohive_1, roderic_batcave
D:9:      layout_layer_cave, orc_0_dummy, ebering_ghost_rock_garden,
          basic_altar, minivault_22
D:10:     layout_basic, nicolae_island_escapes
D:11:     layout_roguey, serial_shops, shop, basic_altar
D:12:     layout_cave_pools, biasface_ghost_orc_armoury,
          chequers_serial_rivers_small_3, lemuel_nasty_fountain
D:13:     layout_basic, david_vaults_5, basic_altar
Temple:   zaba_magenta_temple
Lair:1:   layout_loops_ring
Lair:2:   layout_regular_city, basic_altar, infiniplex_staircase_pool_2
Lair:3:   layout_layer_cave, minmay_shoals_entry_centaurs
Lair:4:   beast_lair_carwin_large_3, layout_big_grid,
          chequers_serial_rivers_micro_b, serial_bayou_shore_a, uniq_nessos
Lair:5:   layout_regular_city, minmay_slime_entry_jelly_boxes, uniq_kirke,
          uniq_snorg
Lair:6:   due_jungle_book, layout_cave_shapes

Skill      XL: |  1  2  3  4  5  6  7  8  9 10 11 12 13 14 |
---------------+-------------------------------------------+-----
Unarmed Combat | 3 4 5 6 8 9 11 12 13 | 13.8
Fighting       | 4 5 6 7 9 10 11 12 13 | 13.6
Invocations    | 2 3 7 8 |  8.0
Shields        | 4 7 8 10 11 | 11.2
Armour         | 4 6 8 10 11 | 11.2

Action                   |  1- 3 |  4- 6 |  7- 9 | 10-12 | 13-15 || total
-------------------------+-------+-------+-------+-------+-------++-------
Melee: Unarmed           |   112 |   245 |   272 |   770 |   631 ||  2030
Invok: Heroism           |       |       |     3 |     9 |    11 ||    23
Evoke: Wand              |       |       |     5 |     3 |       ||     8
  Use: Scroll            |       |     5 |    14 |     6 |     8 ||    33
       Potion            |       |       |     1 |     1 |     2 ||     4
 Stab: Petrified         |       |       |       |     6 |       ||     6
  Eat: Chunk             |     7 |     9 |    28 |    78 |    59 ||   181
Armor: Scale mail        |    45 |    66 |    87 |    29 |       ||   227
       Plate armour      |       |       |       |   287 |   351 ||   638
Dodge: Dodged            |    28 |    57 |    73 |   131 |   124 ||   413
Block: Shield            |    46 |    80 |   148 |   473 |   517 ||  1264
       Reflection        |       |       |       |     4 |    30 ||    34

Levels and vault maps discovered:
D:1:      psy_arrival_fountain, layout_basic
D:2:      layout_loops_corners, marbit_many_paths, tso_altar
D:3:      layout_rooms, yredelemnul_forgotten_temple_becter, first_ration
D:4:      minmay_skewed_foursquare, layout_cave_pods,
          chequers_ossuary_entry_cave
D:5:      kennysheep_six_static_rooms, layout_cave_pools,
          nicolae_overflow_crystal_walls, kennysheep_mini_moat,
          minmay_temple_entry_large_hall, basic_altar, serial_shops, shop,
          uniq_pikel, uniq_duvessa, uniq_ijyb
D:6:      layout_cave_pods, serial_shops, shop
D:7:      layout_rooms, eat_drink_and_be_merry_uskayaw,
          gammafunk_temple_overflow_wave, uniq_menkaure
D:8:      layout_loops_cross, lair_entry_dummy, david_nohive_1, roderic_batcave
D:9:      layout_layer_cave, orc_0_dummy, ebering_ghost_rock_garden,
          basic_altar, minivault_22
D:10:     layout_basic, nicolae_island_escapes
D:11:     layout_roguey, serial_shops, shop, basic_altar
D:12:     layout_cave_pools, biasface_ghost_orc_armoury,
          chequers_serial_rivers_small_3, lemuel_nasty_fountain
D:13:     layout_basic, david_vaults_5, basic_altar
Temple:   zaba_magenta_temple
Lair:1:   layout_loops_ring
Lair:2:   layout_regular_city, basic_altar, infiniplex_staircase_pool_2
Lair:3:   layout_layer_cave, minmay_shoals_entry_centaurs
Lair:4:   beast_lair_carwin_large_3, layout_big_grid,
          chequers_serial_rivers_micro_b, serial_bayou_shore_a, uniq_nessos
Lair:5:   layout_regular_city, minmay_slime_entry_jelly_boxes, uniq_kirke,
          uniq_snorg
Lair:6:   due_jungle_book, layout_cave_shapes

Table legend:
 A = Turns spent in this place as a percentage of turns spent in the entire game.
 B = Non-inter-level travel turns spent in this place as a percentage of non-inter-level travel turns spent in the entire game.
 C = Inter-level travel turns spent in this place as a percentage of turns spent in this place.
 D = Turns resting spent in this place as a percentage of non-inter-level travel turns spent in this place.
 E = Turns spent auto-exploring this place as a percentage of non-inter-level travel turns spent in this place.
 F = Non-inter-level travel turns spent in this place divided by the number of levels of this place that you've seen.
                   A       B       C       D       E      F
               +-------+-------+-------+-------+-------+----------------------
         Total | 100.0 | 100.0 |   4.3 |  18.7 |  58.1 | 880.1
       Dungeon |  58.4 |  58.7 |   3.8 |  11.8 |  63.5 | 834.8
        Temple |   6.6 |   6.9 |   0.0 |  99.2 |   0.0 | 1277.0
          Lair |  33.2 |  32.5 |   6.2 |  13.5 |  62.7 | 1001.8
       Ossuary |   1.8 |   1.9 |   0.0 |  29.2 |  21.6 | 343.0
               +-------+-------+-------+-------+-------+----------------------

Table legend:
 A = Kills in this place as a percentage of kills in entire the game.
 B = Kills by you in this place as a percentage of kills by you in the entire game.
 C = Kills by friends in this place as a percentage of kills by friends in the entire game.
 D = Other kills in this place as a percentage of other kills in the entire game.
 E = Experience gained in this place as a percentage of experience gained in the entire game.
 F = Experience gained in this place divided by the number of levels of this place that you have seen.
                   A       B       C       D       E      F
               +-------+-------+-------+-------+-------+----------------------
         Total | 100.0 | 100.0 |   N/A | 100.0 | 100.0 | 3661.5
       Dungeon |  70.0 |  69.8 |   N/A | 100.0 |  43.4 | 2566.8
          Lair |  27.4 |  27.5 |   N/A |   0.0 |  56.4 | 7232.0
       Ossuary |   2.6 |   2.6 |   N/A |   0.0 |   0.2 | 131.0
               +-------+-------+-------+-------+-------+----------------------
